Map: 暮色之塔

Players

守望着 - Winner!

  • Race: Terran Terran
  • League: Diamond

Quail

  • Race: Protoss Protoss
  • League: Diamond

VOD

Have the link to the VOD?

Description

Time

  • Played on: Dec. 4, 2015, 10:22 a.m.
  • Length: 8:14
Show
View Real Time Build Order
Export as new Build Order

守望着 Terran - Winner!

Build Orders: Command Center First (CC), MMM Bio 

Get SALT Encoding   

  12  0:01  SCV  
  13  0:13  SCV  
  14  0:18  Supply Depot  
  14  0:25  SCV  
  15  0:39  SCV  
  16  0:51  SCV  
  17  0:59  Command Center  
  17  1:03  SCV  
  18  1:15  SCV  
  18  1:17  Barracks  
  19  1:28  SCV  
  19  1:30  Barracks  
  20  1:40  SCV  
  20  1:41  Barracks  
  21  1:52  SCV  
  22  1:54  Refinery  
  22  2:04  Orbital Command  
  22  2:05  Marine  
  23  2:15  Orbital Command  
  23  2:18  Marine  
  24  2:23  Marine  
  24  2:29  Marine  
  26  2:32  Supply Depot  
  26  2:34  SCV  
  26  2:36  Marine  
  28  2:43  SCV, Refinery  
  29  2:45  Marine  
  29  2:46  SCV  
  29  2:48  Barracks Tech Lab  
  31  2:53  Marine  
  31  2:57  Bunker  
  32  3:05  SCV  
  33  3:07  SCV  
  33  3:08  Marine  
  33  3:10  Barracks Tech Lab  
  33  3:12  Barracks Reactor  
  35  3:19  Engineering Bay  
  35  3:20  SCV  
  35  3:24  SCV  
  35  3:26  Marine  
  38  3:30  Combat Shields, Marine  
  38  3:31  Supply Depot  
  38  3:32  SCV  
  40  3:36  SCV  
  40  3:37  Refinery  
  41  3:44  Marine  
  42  3:50  Stimpack, Missile Turret, Marine x3  
  45  3:57  SCV  
  45  3:58  SCV  
  45  4:02  Factory, Marine  
  48  4:08  Marine  
  48  4:09  SCV  
  50  4:10  Supply Depot, SCV  
  50  4:13  Marine x2  
  53  4:20  Marine  
  53  4:24  Supply Depot  
  54  4:31  Marine x3  
  54  4:32  SCV x2  
  61  4:38  Marauder  
  61  4:49  Marine x2  
  61  4:50  Marauder  
  65  4:53  Factory Tech Lab  
  65  4:54  Starport  
  65  4:59  Marine  
  65  5:00  Supply Depot  
  65  5:06  Supply Depot  
  65  5:07  Marine x2  
  65  5:09  Terran Infantry Weapons Level 1  
  65  5:11  Marauder  
  65  5:13  Concussive Shells  
  69  5:17  Marine  
  70  5:22  Siege Tank  
  70  5:23  Supply Depot  
  70  5:24  SCV  
  70  5:25  SCV  
  76  5:30  Supply Depot  
  75  5:48  Marauder, Marine  
  78  5:53  Medivac x2  
  78  5:54  Barracks Reactor, Siege Tank  
  78  5:56  Command Center  
  85  6:02  Missile Turret  
  85  6:06  Missile Turret, Marine  
  85  6:07  Missile Turret  
  86  6:13  Marauder  
  88  6:23  Marine  
  89  6:31  Siege Tank  
  92  6:34  Marine  
  93  6:41  Marine  
  93  6:44  Marine x2  
  93  6:46  Medivac x2  
  100  6:53  Marauder  
  92  6:59  Marine  
  88  7:02  Marine  
  89  7:11  Marine  
  89  7:13  Marine  
  87  7:17  Marauder  
  87  7:20  Marine  
  90  7:32  Marauder  
  90  7:33  Medivac  
  94  7:37  SCV x2  
  94  7:39  Marauder  
  99  7:44  Supply Depot  
  99  7:45  Supply Depot  
  99  7:47  Orbital Command  
  99  7:49  SCV x2  
  100  7:54  Marine x2  
  107  7:59  Missile Turret  
Show
View Real Time Build Order
Export as new Build Order

Quail Protoss 

Build Orders: 1 Gate Expand 

Get SALT Encoding   

  12  0:01  Probe (Chrono Boost)  
  13  0:11  Probe (Chrono Boost)  
  14  0:18  Pylon  
  14  0:22  Probe (Chrono Boost)  
  15  0:36  Probe (Chrono Boost), Gateway  
  16  0:44  Assimilator  
  16  0:46  Probe (Chrono Boost)  
  17  0:57  Probe (Chrono Boost)  
  18  1:08  Probe (Chrono Boost)  
  19  1:21  Nexus  
  19  1:25  Probe (Chrono Boost)  
  20  1:35  Cybernetics Core  
  20  1:38  Probe (Chrono Boost)  
  21  1:45  Pylon  
  21  1:49  Probe (Chrono Boost)  
  21  1:54  Assimilator  
  22  2:01  Probe (Chrono Boost)  
  23  2:11  Probe (Chrono Boost)  
  23  2:15  Gateway  
  24  2:16  Adept (Chrono Boost)  
  28  2:23  Mothership Core  
  28  2:29  Pylon  
  28  2:33  Warp Gate  
  28  2:40  Adept (Chrono Boost)  
  30  2:45  Pylon  
  30  2:52  Probe  
  30  2:53  Probe  
  32  3:05  Probe, Adept (Chrono Boost)  
  35  3:15  Probe  
  35  3:17  Probe  
  37  3:24  Adept (Chrono Boost)  
  37  3:25  Probe  
  37  3:26  Pylon  
  40  3:33  Adept (Chrono Boost)  
  42  3:36  Twilight Council  
  42  3:45  Probe  
  42  3:47  Probe  
  42  3:48  Pylon  
  43  3:56  Adept (Chrono Boost)  
  43  3:58  Probe  
  43  4:00  Adept (Chrono Boost)  
  48  4:04  Probe  
  48  4:05  Pylon  
  49  4:13  Resonating Glaives (Chrono Boost)  
  49  4:21  Robotics Facility  
  49  4:39  Gateway x2  
  49  4:42  Gateway  
  49  4:44  Adept  
  51  4:46  Adept  
  53  5:03  Gateway, Warp Prism (Chrono Boost)  
  53  5:04  Gateway  
  55  5:18  Adept  
  57  5:28  Gateway  
  57  5:33  Probe x2  
  59  5:36  Assimilator  
  59  5:37  Observer  
  60  5:45  Probe x2  
  62  5:50  Nexus  
  62  5:54  Pylon  
  63  5:57  Probe x2  
  63  5:59  Pylon  
  63  6:02  Observer  
  64  6:06  Adept x2  
  64  6:11  Adept  
  71  6:30  Pylon  
  71  6:31  Immortal, Forge  
  75  6:45  Stargate  
  59  6:57  Adept  
  59  6:58  Adept x5  
  67  7:14  Adept x2  
  67  7:19  Photon Cannon  
  67  7:20  Photon Cannon  
  65  7:22  Photon Cannon  
  65  7:25  Immortal  
  69  7:30  Robotics Bay  
  69  7:41  Adept x3  
  75  7:49  Adept  
  75  7:50  Pylon  
  77  7:51  Adept  
  77  7:55  Adept  
Tags
 
Add a new tag
Caveats
  • Supply blocks, unpowered buildings, or Contaminate may cause inaccurate times.
  • Supply counts are checked every 10 seconds.